 Dungeon Crawl Stone Soup version 0.27-a0-1119-gbf574a6a6b (webtiles) character file.

Game seed: 9755685029104756133

123 Zeld the Chucker (level 5, -1/36 HPs)
             Began as an Octopode Fighter on May 2, 2021.
             Slain by Crazy Yiuf
             ... wielding a +2 quarterstaff of chaos
              (3 damage)
             ... on level 3 of the Dungeon.
             The game lasted 00:06:11 (3082 turns).

Zeld the Chucker (Octopode Fighter)                 Turns: 3082, Time: 00:06:11

Health: -1/36      AC:  1    Str: 17    XL:     5   Next: 7%
Magic:  5/5        EV: 11    Int: 10    God:
Gold:   59         SH:  9    Dex: 11    Spells: 4/4 levels left

rFire    . . .     SeeInvis .   a - +0 war axe
rCold    . . .     Faith    .   b - +0 kite shield
rNeg     . . .     Spirit   .   (helmet restricted)
rPois    .         Reflect  .   (no amulet)
rElec    .         Harm     .   (no ring)
rCorr    .         Rampage  .   (no ring)
Will     .....                  (no ring)
Stlth    ++........             (no ring)
HPRegen  0.12/turn              (no ring)
MPRegen  0.09/turn              (no ring)
                                (no ring)
                                (no ring)

@: no status effects
A: almost no armour, amphibious, 8 rings, camouflage 1, gelatinous body 1,
(nimble swimmer 1), tentacles
a: no special abilities


You were on level 3 of the Dungeon.
You visited 1 branch of the dungeon, and saw 3 of its levels.

You collected 194 gold pieces.
You spent 135 gold pieces at shops.

Inventory:

Hand Weapons
 a - a +0 war axe (weapon)
Missiles
 i - 27 poisoned darts (quivered)
Armour
 b - a +0 kite shield (worn)
Scrolls
 d - a scroll of fog {unknown}
 e - a scroll of holy word
 f - 2 scrolls of blinking
 h - a scroll of fear
 k - a scroll of magic mapping
Potions
 c - 2 potions of might
 g - a potion of curing
 j - a potion of flight
 l - a potion of attraction {unknown}
 m - 2 potions of heal wounds {unknown}


   Skills:
 - Level 3.3 Fighting
 - Level 2.4 Axes
 * Level 3.5 Throwing
 - Level 3.0 Dodging
 - Level 3.3 Shields


You had 4 spell levels left.
You didn't know any spells.
Your spell library was empty.

Dungeon Overview and Level Annotations

Branches:
Dungeon (3/15)

Altars:

Shops:
D:1 !*(?[

Annotations:
D:3 Crazy Yiuf


Innate Abilities, Weirdness & Mutations

You cannot wear most types of armour.
You are amphibious.
You can wear up to eight rings at the same time.
Your skin changes colour to match your surroundings (Stealth+).
Your rubbery body absorbs attacks. (AC +1, EV +1)
((You are camouflaged near water. (Stealth+)))
You have tentacles for arms and can constrict up to eight enemies at once.


Message History

You now have 28 gold pieces (gained 8).
Found a mace.
Found a runed translucent door.
No target in view!
Crazy Yiuf shouts!
Key pressed, stopping explore.
A giant cockroach comes into view.
A giant cockroach is nearby!
A giant cockroach is nearby!
You block the giant cockroach's attack.
You barely miss the giant cockroach. Your grab misses the giant cockroach.
The giant cockroach closely misses you. You block the giant cockroach's attack.
You hit the giant cockroach. You grab the giant cockroach.
You squeeze the giant cockroach.
You kill the giant cockroach!
No target in view!
No target in view!
You now have enough gold to buy a scroll of teleportation on D:1, buy a scroll of fear on D:1, or buy a potion of flight on D:1.
You can access your shopping list by pressing '$'.
You now have 48 gold pieces (gained 20).
You now have enough gold to buy a potion of might on D:1.
You can access your shopping list by pressing '$'.
You now have 59 gold pieces (gained 11).
You see here 30 stones.
Crazy Yiuf shouts!
Crazy Yiuf flaps his cloak.
Could not explore, unopened runed door.
Could not explore, unopened runed door.
You open the door. You hit Crazy Yiuf. Your grab misses Crazy Yiuf.
You squeeze Crazy Yiuf.
Crazy Yiuf is moderately wounded.
Crazy Yiuf hits you with a +2 quarterstaff of chaos!
You are poisoned.
Crazy Yiuf hits you with a +2 quarterstaff of chaos!
* * * LOW HITPOINT WARNING * * *
Crazy Yiuf draws strength from your wounds!
You feel better.
Crazy Yiuf hits you with a +2 quarterstaff of chaos!
* * * LOW HITPOINT WARNING * * *
Crazy Yiuf burns you.
You die...

#.............########
# #.########.#### ###
# #.# #.# ##.### #.#
### ##.#.## #.#
#.###.. #.###♣♣♣♣♣
##.#.## #.#....♣.♣♣♣
### ######.##
#.......♣..♣#...#
#......#
#......♣♣♣♣@g...#
######## ##...♣♣♣
♣♣#..)# ####♣ ### ##
#. #. #. #.


You could see Crazy Yiuf.

Vanquished Creatures
  Terence (D:2)
  4 adders
  A worm (D:2)
  A dart slug (D:1)
  6 bats
  3 endoplasms
  2 giant cockroaches
  6 hobgoblins
  A quokka (D:1)
  9 ball pythons
  3 frilled lizards
  7 goblins
  6 kobolds
  9 rats
59 creatures vanquished.

Vanquished Creatures (others)
  2 plants (D:1)
2 creatures vanquished.

Grand Total: 61 creatures vanquished

Notes
Turn   | Place    | Note
-------+----------+-------------------------------------------
     0 | D:1      | Zeld the Octopode Fighter began the quest for the Orb.
     0 | D:1      | Reached XP level 1. HP: 16/16 MP: 1/1
    28 | D:1      | Reached XP level 2. HP: 16/21 MP: 2/2
   220 | D:1      | Found Fafusaf's Magic Scroll Emporium.
   220 | D:1      | Found Caigefo's Weapon Boutique.
   252 | D:1      | Found a faded altar of an unknown god.
   256 | D:1      | Found Hag Daur's Armour Shoppe.
   476 | D:1      | Found Piag's General Store.
   485 | D:1      | Reached XP level 3. HP: 26/26 MP: 3/3
   486 | D:1      | Bought a potion of flight for 33 gold pieces
   727 | D:1      | Found Rueghirgh's Distillery.
   746 | D:1      | Bought a potion of curing for 42 gold pieces
   851 | D:1      | Reached skill level 1 in Throwing
  1613 | D:2      | Reached XP level 4. HP: 31/31 MP: 4/4
  1942 | D:2      | Noticed Terence
  1959 | D:2      | Killed Terence
  2278 | D:1      | Bought a scroll of identify for 22 gold pieces
  2278 | D:1      | Bought a scroll of magic mapping for 38 gold pieces
  2521 | D:3      | Reached XP level 5. HP: 34/36 MP: 5/5
  2864 | D:3      | Found a runed translucent door.
  2865 | D:3      | Noticed Crazy Yiuf
  3082 | D:3      | Slain by Crazy Yiuf

Illustrated notes

Levels and vault maps discovered:
D:1:      sevenhm_arrival_forest_fort_small_3, layout_rooms,
          chequers_ecumenical_altar_simple, serial_shops, shop, shop, shop,
          shop, shop, ebering_dispersal_statue_hall
D:2:      layout_basic, serial_aquarium, aquarium_bridge_square
          [aquarium_subvault_balcony, aquarium_subvault_bridge,
          aquarium_subvault_bridge, aquarium_subvault_window],
          aquarium_window_corridor_1, aquarium_window_1, aquarium_view_2c,
          aquarium_view_2c, aquarium_balcony_5b, aquarium_pool_S, uniq_terence
D:3:      layout_loops_cross, uniq_crazy_yiuf_cottage

Skill      XL: |  1  2  3  4 |
---------------+-------------+-----
Throwing       | 2 3 |  3.5
Fighting       | |  3.3
Axes           | |  2.4
Dodging        | |  3.0
Shields        | |  3.3

Action                   |  1- 3 |  4- 6 || total
-------------------------+-------+-------++-------
Melee: War axe           |    71 |    34 ||   105
       Constrict         |    21 |    11 ||    32
       Tentacles         |    12 |     7 ||    19
Throw: Dart              |       |     1 ||     1
  Use: Potion            |     2 |     2 ||     4
       Scroll            |       |     4 ||     4
 Stab: Sleeping          |     3 |     4 ||     7
Armor: Skin              |    14 |     3 ||    17
Dodge: Dodged            |    40 |    14 ||    54
Block: Kite shield       |    40 |    16 ||    56

Table legend: (Time is in decaauts)
 A = Elapsed time spent in this place.
 B = Non-inter-level travel time spent in this place.
 C = Inter-level travel time spent in this place.
 D = Time resting spent in this place.
 E = Time spent auto-exploring this place.
 F = Levels seen in this place.
 G = Mean time per level.
                   A        B        C        D        E       F      G
               +--------+--------+--------+--------+--------+-----+--------+
         Total |   3149 |   3006 |    143 |    176 |   2347 |   3 | 1049.7 |
       Dungeon |   3149 |   3006 |    143 |    176 |   2347 |   3 | 1049.7 |
               +--------+--------+--------+--------+--------+-----+--------+

Top non-repeatable levels by time:
     D:2: 1402 daAuts
     D:1: 966 daAuts
     D:3: 780 daAuts
